 Dungeon Sprint DCSS version 0.25.1-2-g60ff931df9 (webtiles) character file.

Game seed: 4039629203757351876

450 funkygono the Fighter (level 6, -12/66 HPs)
             Began as a Minotaur Fighter on Sept 5, 2020.
             Was an Initiate of Okawaru.
             Shot with an arrow by a centaur warrior (21 damage)
             ... in the Dungeon (Sprint I: "Red Sonja").
             The game lasted 00:01:06 (198 turns).

funkygono the Fighter (Minotaur Fighter)             Turns: 198, Time: 00:01:07

Health: -12/66     AC:  8    Str: 22    XL:     6   Next: 74%
Magic:  14/14      EV:  9    Int:  5    God:    Okawaru [......]
Gold:   297        SH: 12    Dex: 10    Spells: 5/5 levels left

rFire    + . .     SeeInvis .   a - +0 flail
rCold    . . .     Gourm    .   c - +0 kite shield
rNeg     . . .     Faith    .   b - +0 scale mail
rPois    .         Spirit   .   (helmet restricted)
rElec    .         Reflect  .   (no cloak)
rCorr    .         Harm     .   (no gloves)
MR       .....     NoTele   +   (no boots)
Stlth    ..........             (no amulet)
HPRegen  0.21/turn              m - ring of magical power
MPRegen  0.14/turn              n - ring of protection from fire

@: no status effects
A: retaliatory headbutt, horns 2
a: Renounce Religion


You were in the Dungeon.
You worshipped Okawaru.
Okawaru was noncommittal.
You were not hungry.

You visited 1 branch You collected 297 gold pieces.

Inventory:

Hand Weapons
 a - a +0 flail (weapon)
Armour
 b - a +0 scale mail (worn)
 c - a +0 kite shield (worn)
Jewellery
 m - a ring of magical power (left hand)
 n - a ring of protection from fire (right hand)
Scrolls
 k - a scroll of blinking
Potions
 d - a potion of might
 e - a potion of curing
 g - a potion of heal wounds
 h - a potion of haste
 i - 2 potions of magic
 j - a potion of berserk rage
Comestibles
 f - a ration
 l - 5 chunks of flesh


   Skills:
 + Level 10.1 Fighting
 + Level 7.8 Maces & Flails
 + Level 9.2 Armour
 + Level 1.2 Dodging
 + Level 9.8 Shields


You had 5 spell levels left.
You didn't know any spells.
Your spell library was empty.

Dungeon Overview and Level Annotations

Branches:
Dungeon (1/1)

Altars:
Cheibriados
Dithmenos
Elyvilon
Fedhas
Gozag
Hepliaklqana
Kikubaaqudgha
Nemelex Xobeh
Okawaru
Qazlal
Ru
Sif Muna
Trog
Uskayaw
Vehumet
Wu Jian
Yredelemnul
Zin
The Shining One

Shops:
D [


Innate Abilities, Weirdness & Mutations

You reflexively headbutt those who attack you in melee.
You have a pair of horns on your head.


Message History

The centaur warrior wields a +0 shortbow.
The centaur warrior shoots an arrow.
You block the arrow.
You hear a splash.
The centaur warrior shoots an arrow.
The arrow hits you! The arrow burns you.
The centaur warrior shoots an arrow.
The arrow closely misses you.
You hear a splash.
You see here 2 arrows.
The centaur warrior shoots an arrow.
You block the arrow.
You hear a splash.
The centaur warrior unwields a +1 shortbow of flaming.
It stops flaming.
The centaur warrior hits you.
You see here an arrow.
You block the centaur warrior's attack.
The centaur warrior shoots an arrow.
The arrow hits you!
* * * LOW HITPOINT WARNING * * *
The centaur warrior closely misses you.
There is an open door here.
You see here an arrow.
The centaur warrior shoots an arrow.
The arrow hits you!!
You die...

################
#<.#..').#..'..#
#..').#..').#..+
#..#####'#####'# ###
#..####..#...#(####§?#
#..#__####..##.#§≈§.§#
#..#_____##'#_@§c§§§§
#⌠⌠#_.∩...÷..._#c§≈§§#
####_..__##_.#'##+####
#_____###+#.# #######
###


You could see 2 centaur warriors.

Vanquished Creatures
  Sigmund (D)
  A yak (D)
  An ogre (D)
  A jelly (D)
  Ijyb (D)
5 creatures vanquished.

Notes
Turn   | Place    | Note
-------+----------+-------------------------------------------
     0 | D        | funkygono the Minotaur Fighter began the quest for the Orb.
     0 | D        | Reached XP level 1. HP: 19/19 MP: 0/0
     1 | D        | Noticed Ijyb
    20 | D        | Killed Ijyb
    20 | D        | Reached skill level 5 in Fighting
    20 | D        | Reached skill level 5 in Armour
    20 | D        | Reached skill level 5 in Shields
    20 | D        | Reached XP level 2. HP: 25/29 MP: 1/1
    61 | D        | Noticed an ogre
    66 | D        | Killed an ogre
    66 | D        | Reached skill level 7 in Fighting
    66 | D        | Reached skill level 5 in Maces & Flails
    66 | D        | Reached XP level 3. HP: 39/39 MP: 2/2
    66 | D        | Reached XP level 4. HP: 47/47 MP: 3/3
    75 | D        | Noticed Sigmund
    82 | D        | Killed Sigmund
    82 | D        | Reached skill level 9 in Fighting
    82 | D        | Reached XP level 5. HP: 52/57 MP: 4/4
    82 | D        | Reached XP level 6. HP: 58/63 MP: 5/5
    95 | D        | Found a shimmering blue altar of Sif Muna.
    96 | D        | Found an ornate altar of the Wu Jian Council.
    97 | D        | Found a radiant altar of Vehumet.
   109 | D        | Found Tebaiteq's Antique Armour Emporium.
   109 | D        | Found an ancient bone altar of Kikubaaqudgha.
   109 | D        | Found a hazy altar of Hepliaklqana.
   109 | D        | Found a stormy altar of Qazlal.
   109 | D        | Found a hide-covered altar of Uskayaw.
   109 | D        | Found a blossoming altar of Fedhas.
   109 | D        | Found a bloodstained altar of Trog.
   109 | D        | Found an iron altar of Okawaru.
   109 | D        | Found a basalt altar of Yredelemnul.
   109 | D        | Found a glowing golden altar of the Shining One.
   109 | D        | Found a snail-covered altar of Cheibriados.
   109 | D        | Found a sacrificial altar of Ru.
   109 | D        | Found a glowing silver altar of Zin.
   109 | D        | Found a shadowy altar of Dithmenos.
   109 | D        | Found a white marble altar of Elyvilon.
   109 | D        | Noticed a yak
   113 | D        | Killed a yak
   113 | D        | Reached skill level 10 in Fighting
   113 | D        | Reached skill level 1 in Dodging
   114 | D        | Found an opulent altar of Gozag.
   132 | D        | Found a sparkling altar of Nemelex Xobeh.
   140 | D        | Became a worshipper of Warmaster Okawaru
   188 | D        | Noticed a centaur warrior
   192 | D        | Noticed a centaur warrior
   198 | D        | Shot with an arrow by a centaur warrior

Illustrated notes

Levels and vault maps discovered:
D:        dungeon_sprint_1 [red_sonja_temple_1, red_sonja_temple_small_1]

Skill      XL: |  1  2  3  4  5  6 |
---------------+-------------------+-----
Fighting       | 5 7 9 10 | 10.1
Maces & Flails | 3 5 6 7 |  7.8
Armour         | 5 6 8 9 |  9.2
Shields        | 5 6 8 9 |  9.8
Dodging        | 1 |  1.2

Action                   |  1- 3 |  4- 6 || total
-------------------------+-------+-------++-------
Melee: Flail             |    22 |    13 ||    35
       Headbutt          |     3 |     4 ||     7
Armor: Scale mail        |     8 |     2 ||    10
Dodge: Dodged            |     5 |     5 ||    10
Block: Kite shield       |    11 |     8 ||    19
